 Dungeon Crawl Stone Soup version 0.31.0-4-g52a2dc7128 (webtiles) character file.

Game seed: 7797563662515574385

315 ymhsbmbesitwf the Magician (level 6, -2/34 HPs)
             Began as a Deep Elf Summoner on Jan 21, 2024.
             Slain by dvdksn's ghost (12 damage)
             ... on level 3 of the Dungeon.
             The game lasted 00:14:43 (2789 turns).

ymhsbmbesitwf the Magician (Deep Elf Summoner)      Turns: 2789, Time: 00:14:44

Health: -2/34      AC:  4    Str:  5    XL:     6   Next: 19%
Magic:  0/17       EV: 12    Int: 22    God:
Gold:   154        SH:  0    Dex: 15    Spells: 11/17 levels left

rFire   . . .        e - +0 short sword
rCold   . . .        (no shield)
rNeg    . . .        a - +0 robe
rPois   .            (no helmet)
rElec   .            o - +1 cloak
rCorr   .            (no gloves)
SInv    .            (no boots)
Will    .....        r - amulet of the acrobat
Stlth   ++           (no ring)
HPRegen 0.25/turn    (no ring)
MPRegen 0.15/turn

%: acrobat
@: inugami summoned
A: no striking features
a: no special abilities


You were on level 3 of the Dungeon.
You visited 1 branch of the dungeon, and saw 3 of its levels.

You collected 154 gold pieces.

Inventory:

Hand Weapons
 e - a +0 short sword (weapon)
Armour
 a - a +0 robe (worn)
 o - a +1 cloak (worn)
Jewellery
 g - an amulet of reflection
 k - an amulet of faith
 r - an amulet of the acrobat (around neck)
Wands
 h - a wand of mindburst (17)
 m - a wand of digging (8)
Scrolls
 d - a scroll of noise
 f - a scroll of enchant weapon
 j - a scroll of enchant armour
 l - a scroll of teleportation
 p - a scroll of torment {unknown}
Potions
 b - a potion of magic
 c - 2 potions of curing {unknown}
 i - 2 potions of haste
 n - 2 potions of enlightenment
 s - a potion of degeneration {unknown}
 t - a potion of experience {unknown}


   Skills:
 + Level 1.1 Fighting
 + Level 0.3 Armour
 + Level 2.6 Dodging
 + Level 2.6 Stealth
 + Level 6.3 Spellcasting
 * Level 6.1 Summonings


You had 11 spell levels left.
You knew the following spells:

 Your Spells              Type           Power      Damage    Failure   Level
a - Summon Small Mammal   Summ           100%       N/A       1%          1
b - Call Imp              Summ           68%        N/A       1%          2
c - Call Canine Familiar  Summ           34%        N/A       1%          3

Your spell library contained the following spells:

 Spells                   Type           Power      Damage    Failure   Level
 Apportation              Tloc           14%        N/A       9%          1
 Necrotise                Necr           28%        1d5       9%          1
 Sting                    Conj/Alch      28%        1d4       9%          1
 Summon Blazeheart Golem  Fire/Summ      20%        N/A       24%         4
 Summon Lightning Spire   Summ/Air       20%        N/A       24%         4


Dungeon Overview and Level Annotations

Branches:
Dungeon (3/15)

Altars:
Sif Muna

Shops:
D:2 [

Annotations:
D:3 dvdksn's ghost, novice DsBe


Message History

Your cerulean imp closely misses dvdksn's ghost.
Dvdksn's ghost hits your quokka.
Your inugami barely misses dvdksn's ghost.
You catch the helpless dvdksn's ghost completely off-guard!
You hit dvdksn's ghost.
Dvdksn's ghost is almost destroyed.
Your quokka bites dvdksn's ghost.
Your cerulean imp hits dvdksn's ghost but does no damage.
Dvdksn's ghost hits your quokka!
Your quokka dies!
Your quokka's corpse disappears in a puff of smoke!
Your inugami closely misses dvdksn's ghost.
You barely miss dvdksn's ghost.
Dvdksn's ghost is almost destroyed.
Your cerulean imp disappears in a puff of smoke!
Dvdksn's ghost hits you!
Your inugami barely misses dvdksn's ghost.
Casting: Summon Small Mammal (safe; 1% risk of failure)
Confirm with . or Enter, or press ? or * to list all spells.
You imbue your familiar with magical energy and its fangs glint viciously.
Dvdksn's ghost hits you.
Your inugami barely misses dvdksn's ghost.
Your inugami closely misses dvdksn's ghost.
Casting: Call Canine Familiar (safe; 1% risk of failure)
Confirm with . or Enter, or press ? or * to list all spells.
A tiny devil pulls itself out of the air.
Dvdksn's ghost hits you!
* * * LOW HITPOINT WARNING * * *
Your inugami closely misses dvdksn's ghost.
Unknown command.
You are too injured to fight recklessly!
Casting: Call Imp (safe; 1% risk of failure)
Confirm with . or Enter, or press ? or * to list all spells.
Dvdksn's ghost barely misses you.
Your cerulean imp barely misses dvdksn's ghost.
Your inugami hits dvdksn's ghost but does no damage.
You hit dvdksn's ghost but do no damage.
Dvdksn's ghost is almost destroyed.
Dvdksn's ghost hits you!
You die...

#.....# #..###....###....###
#.....# #..##..#...#...#..##
#[....# ###..#..##.....##..#.
#.....# ##.##....###...###....
#.....# ##...##...###...###...#
###.....###.....#######...#######
....................########
##.........#..........##.########
...........#....@.5..............
...........##..rWh......#########
...........##..####'''###
....########...#P........#
....####.......#⌠.......⌠#
...###...###...#........P#
.###≈###.......#?.......)#
##≈≈≈≈≈###.....##8.....8#########
#≈≈≈≈≈≈≈####....##$.⌠..##...#....


You could see dvdksn's ghost (ally target), a friendly cerulean imp (summoned),
a friendly quokka (summoned) and a friendly inugami (summoned).

Vanquished Creatures
  An adder (D:2)
  A ball python (D:1)
  An endoplasm (D:2)
  A goblin (D:2)
  A jackal (D:3)
  2 quokkas (D:2)
  A bat (D:3)
8 creatures vanquished.

Vanquished Creatures (collateral kills)
  The ghost of Daviar the Ruffian, an amateur BaSh of Cheibriados (D:3)
  2 orc priests (D:3)
  2 orc wizards (D:3)
  5 adders
  A dart slug (D:1)
  A ribbon worm (D:3)
  8 orcs (D:3)
  6 endoplasms
  4 giant cockroaches
  3 goblins
  5 hobgoblins
  4 jackals
  4 ball pythons
  2 bats (D:1)
  2 frilled lizards (D:2)
  3 kobolds
  4 rats
57 creatures vanquished.

Grand Total: 65 creatures vanquished

Notes
Turn   | Place    | Note
-------+----------+-------------------------------------------
     0 | D:1      | ymhsbmbesitwf the Deep Elf Summoner began the quest for the
                  | Orb.
     0 | D:1      | Reached XP level 1. HP: 10/10 MP: 6/6
   272 | D:1      | Reached XP level 2. HP: 15/15 MP: 5/8
   295 | D:1      | Learned a level 2 spell: Call Imp
   419 | D:1      | Found a faded altar of an unknown god.
   853 | D:2      | Reached XP level 3. HP: 19/19 MP: 7/10
  1082 | D:2      | Found Qelev's Antique Armour Shoppe.
  1134 | D:2      | Learned a level 3 spell: Call Canine Familiar
  1240 | D:2      | Reached skill level 5 in Summonings
  1489 | D:2      | Reached skill level 5 in Spellcasting
  1489 | D:2      | Reached XP level 4. HP: 24/24 MP: 9/13
  1850 | D:3      | Found a runed translucent gate.
  1851 | D:3      | Found a runed translucent gate.
  2175 | D:3      | Reached skill level 1 in Fighting
  2175 | D:3      | Reached XP level 5. HP: 29/29 MP: 6/15
  2447 | D:3      | Found a shimmering blue altar of Sif Muna.
  2612 | D:3      | Found a runed translucent gate.
  2612 | D:3      | Noticed Daviar's ghost (amateur BaSh)
  2613 | D:3      | Noticed dvdksn's ghost (novice DsBe)
  2763 | D:3      | Killed Daviar's ghost
  2764 | D:3      | Reached XP level 6. HP: 20/34 MP: 6/17
  2789 | D:3      | Slain by dvdksn's ghost

Illustrated notes

Levels and vault maps discovered:
D:1:      amcnicky_arrival_gap_in_the_tavern_cellar, layout_basic,
          hellmonk_ecumenical_altar_lost_god
D:2:      minmay_chambers_of_twos, layout_rooms, serial_shops, shop,
          serial_aquarium, aquarium_bridge_square [aquarium_subvault_wall,
          aquarium_subvault_window, aquarium_subvault_bridge,
          aquarium_subvault_balcony], aquarium_window_1, aquarium_window_1,
          aquarium_window_2, aquarium_view_2b, aquarium_view_2b,
          aquarium_balcony_3b
D:3:      layout_rooms, kennysheep_orc_sif_temple, gammafunk_ghost_cemetery,
          supply_closet_lemuel, dk_vineyard_3, hangedman_glass_teeth,
          grunt_decor_cap

Skill      XL: |  1  2  3  4  5 |
---------------+----------------+-----
Spellcasting   | 4 5 6 |  6.3
Summonings     | 5 6 |  6.1
Fighting       | 1 |  1.1
Armour         | |  0.3
Dodging        | |  2.6
Stealth        | |  2.6

Action                     |  1- 3 |  4- 6 || total
---------------------------+-------+-------++-------
  Melee: Unarmed           |     5 |       ||     5
         Short sword       |    20 |    42 ||    62
   Cast: Summon Small Mamm |    40 |    29 ||    69
         Call Imp          |    11 |    14 ||    25
         Call Canine Famil |       |     9 ||     9
    Use: Scroll            |     2 |     5 ||     7
         Potion            |       |     1 ||     1
   Stab: Sleeping          |       |     1 ||     1
         Distracted        |       |     1 ||     1
 Armour: Robe              |    11 |    26 ||    37
  Dodge: Dodged            |    17 |    30 ||    47
  Block: Other             |     5 |       ||     5
